 Dungeon Crawl Stone Soup version 0.31.0-11-ge490571c62 (webtiles) character file.

Game seed: 4786955621561675946

284 qw the Shooter (level 6, 0/32 HPs)
             Began as a Spriggan Hunter on Feb 4, 2024.
             Incinerated by a bombardier beetle (3 damage)
             ... with a burning spray
             ... on level 4 of the Dungeon.
             The game lasted 00:00:08 (2320 turns).

qw the Shooter (Spriggan Hunter)                    Turns: 2320, Time: 00:00:08

Health: 0/32       AC:  2    Str:  7    XL:     6   Next: 7%
Magic:  0/7        EV: 20    Int: 10    God:
Gold:   241        SH:  0    Dex: 21    Spells: 5/5 levels left

rFire   . . .        a - +0 shortbow
rCold   . . .        (shield currently unavailable)
rNeg    . . .        c - +0 robe
rPois   .            (helmet restricted)
rElec   .            (no cloak)
rCorr   .            (gloves unavailable)
SInv    +            (boots unavailable)
Will    +....        e - amulet of guardian spirit
Stlth   +            (no ring)
HPRegen 0.25/turn    (no ring)
MPRegen 0.10/turn

%: guardian spirit
@: on fire, glowing, very quick
A: very small, no large weapons, unfitting armour, see invisible, speed 3
a: no special abilities


You were on level 4 of the Dungeon.
You visited 1 branch of the dungeon, and saw 4 of its levels.

You collected 241 gold pieces.


Innate Abilities, Weirdness & Mutations

You are very small and have problems with some larger weapons.
You are too small for most types of armour.
You have supernaturally acute eyesight. (SInv)
You cover ground extremely quickly. (Speed+++)


   Skills:
 - Level 2.7 Fighting
 + Level 5.9 Ranged Weapons
 - Level 5.1 Dodging
 - Level 1.5 Stealth


You had 5 spell levels left.
You didn't know any spells.
Your spell library was empty.

Inventory:

Hand Weapons
 a - a +0 shortbow (weapon)
Armour
 c - a +0 robe (worn)
Jewellery
 e - an amulet of guardian spirit (around neck)
 g - a ring of positive energy
 k - a ring of willpower
Wands
 h - a wand of digging (6)
Scrolls
 b - 2 scrolls of identify
 i - a scroll of teleportation
Potions
 d - a potion of curing
 f - a potion of might
 j - a potion of resistance {unknown}

Dungeon Overview and Level Annotations

Branches:
Dungeon (4/15)
 Temple: D:4-7

Altars:
Sif Muna

Shops:
D:1 (


Message History

The bombardier beetle is heavily wounded.
You shoot an arrow.
The arrow barely misses the bombardier beetle.
You shoot an arrow.
The arrow hits the bombardier beetle but does no damage.
The bombardier beetle is heavily wounded.
You shoot an arrow. The arrow hits the bombardier beetle.
The bombardier beetle is heavily wounded.
You shoot an arrow. The arrow hits the bombardier beetle.
The bombardier beetle is severely wounded.
You shoot an arrow. The arrow hits the bombardier beetle.
The bombardier beetle is almost dead.
The bombardier beetle sprays incendiary fluid at you.
The burning spray hits you.
You are covered in liquid fire!
You shoot an arrow. The arrow hits the bombardier beetle.
You kill the bombardier beetle!
The liquid fire burns you!
You have reached level 6!
You are on fire!
The liquid fire burns you!
You are on fire!
The liquid fire burns you!
You are on fire!
The liquid fire burns you!
You are on fire!
The liquid fire burns you!
You are on fire!
The liquid fire burns you!
You are on fire!
The liquid fire burns you!
You are on fire!
The liquid fire burns you!
You are on fire!
The liquid fire burns you!
You are on fire!
The liquid fire burns you!
You are on fire!
The liquid fire burns you!
You die...

#######.#### ###..# #.#
###)..## #.######.......
. #....#.....#### ..
####.#.#####
...##########..#########
........................
.....%.########.########
#.@..........#
#########....# ######


There were no monsters in sight!

Vanquished Creatures
  Blork the orc (D:4)
  A hound (D:4)
  2 bombardier beetles (D:4)
  4 gnolls (D:3)
  3 adders
  A ribbon worm (D:3)
  An orc (D:4)
  7 endoplasms
  6 goblins
  5 hobgoblins
  3 kobolds
  6 quokkas
  12 ball pythons
  5 bats
  3 frilled lizards
  5 rats
65 creatures vanquished.

Notes
Turn   | Place    | Note
-------+----------+-------------------------------------------
     0 | D:1      | qw the Spriggan Hunter began the quest for the Orb.
     0 | D:1      | Reached XP level 1. HP: 10/10 MP: 2/2
     0 | D:1      | 0 ||| qw: Version: 0.3-a-160-g6735b56
     0 | D:1      | 0 ||| qw: Game counter: 5234
     0 | D:1      | 0 ||| qw: Melee chars always use a shield: true
     0 | D:1      | 0 ||| qw: God list: Okawaru
     0 | D:1      | 0 ||| qw: Allow faded altars: false
     0 | D:1      | 0 ||| qw: Do Orc after clearing Dungeon:15 true
     0 | D:1      | 0 ||| qw: Do second Lair branch before Depths: true
     0 | D:1      | 0 ||| qw: Lair rune preference: random
     0 | D:1      | 0 ||| qw: Goals: Normal
     0 | D:1      | 0 ||| PLANNING D:1-11
    18 | D:1      | Reached skill level 3 in Dodging
   194 | D:1      | Reached XP level 2. HP: 14/14 MP: 3/3
   355 | D:1      | Found Muqu's Weapon Emporium.
   386 | D:1      | 386 ||| DROPPING scroll of butterflies.
   647 | D:1      | 647 ||| UPGRADING to amulet of guardian spirit.
   652 | D:1      | 652 ||| DRINKING 2 dark potions.
   736 | D:2      | Reached XP level 3. HP: 18/18 MP: 4/4
  1300 | D:2      | 1300 ||| READING scroll labelled YSAOKERISOR.
  1301 | D:2      | 1301 ||| READING scroll labelled MUM NUMONLATT.
  1304 | D:2      | 1304 ||| READING scroll labelled BUNEVO OPUACUE.
  1304 | D:2      | 1304 ||| IDENTIFYING fizzy clear potion
  1305 | D:2      | 1305 ||| DROPPING potion of ambrosia.
  1338 | D:3      | Identified the +0 falchion of Honour {drain, rPois rF++
                  | Int-4}
  1374 | D:3      | Found a shimmering blue altar of Sif Muna.
  1434 | D:3      | Reached XP level 4. HP: 21/22 MP: 5/5
  1447 | D:3      | HP: 4/22 [gnoll/+0 halberd (13)]
  1448 | D:3      | 1448 ||| DRINKING potion of heal wounds.
  1815 | D:3      | 1815 ||| READING scroll of identify.
  1815 | D:3      | 1815 ||| IDENTIFYING black potion
  1816 | D:3      | 1816 ||| READING scroll labelled VORHOE KEPNECS.
  1817 | D:3      | 1817 ||| READING scroll labelled NIZUAL USKA.
  1817 | D:3      | 1817 ||| ENCHANTING +0 shortbow.
  1818 | D:3      | 1818 ||| DRINKING 2 pink potions.
  1972 | D:4      | Noticed Blork the orc
  1983 | D:4      | Killed Blork the orc
  1984 | D:4      | Reached XP level 5. HP: 27/27 MP: 6/6
  2311 | D:4      | Reached XP level 6. HP: 27/32 MP: 7/7
  2317 | D:4      | HP: 8/32 [burnt (3)]
  2319 | D:4      | HP: 3/32 [burnt (2)]
  2320 | D:4      | Incinerated by a bombardier beetle

Levels and vault maps discovered:
D:1:      tarquinn_simple_flora_water_a, layout_loops_ring, serial_shops,
          nicolae_shop_statue_plus, minmay_shallow_snake_nest
D:2:      layout_basic
D:3:      layout_rooms, mainiacjoe_overflow_six_doors_small,
          minmay_increasing_density
D:4:      layout_rooms, nrook_loot_triangle, kennysheep_generic_room_11,
          uniq_blork_the_orc

Skill      XL: |  1  2  3  4 |
---------------+-------------+-----
Dodging        | 3 4 5 |  5.1
Ranged Weapons | 5 |  5.9
Fighting       | 2 |  2.7
Stealth        | |  1.5

Action                     |  1- 3 |  4- 6 || total
---------------------------+-------+-------++-------
   Fire: Shortbow          |   104 |    80 ||   184
    Use: Potion            |     1 |     2 ||     3
         Scroll            |     3 |     3 ||     6
 Armour: Robe              |     7 |     5 ||    12
  Dodge: Dodged            |    38 |    43 ||    81

Table legend:
 A = Non-vault XP
 B = Vault XP
 C = Vault XP percentage of total XP
 D = Non-vault monster count
 E = Vault monster count
 F = Vault count percentage of total count
                 A         B        C        D         E       F
            +---------+---------+-------+---------+---------+-------
      Total |     310 |      96 |  23.6 |      58 |       7 |  10.8
            +---------+---------+-------+---------+---------+-------
        D:1 |      25 |       3 |  10.7 |      16 |       2 |  11.1
        D:2 |      47 |       0 |   0.0 |      15 |       0 |   0.0
        D:3 |      73 |       6 |   7.6 |      12 |       4 |  25.0
        D:4 |     165 |      87 |  34.5 |      15 |       1 |   6.2
            +---------+---------+-------+---------+---------+-------
